 Dungeon Crawl Stone Soup version 0.28-a0-1117-g0bdd5ba030 (webtiles) character file.

Game seed: 5666776791604844376

40063 tilp the Destroyer (level 13, 0/60 (61) HPs)
             Began as a Felid Ice Elementalist on Dec 11, 2021.
             Was the Champion of Ru.
             Slain by a salamander (10 damage)
             ... on level 1 of the Snake Pit.
             The game lasted 01:30:34 (47755 turns).

tilp the Destroyer (Felid Ice Elementalist)        Turns: 47755, Time: 01:30:34

HP:   0/60 (61)     AC:  3    Str:  4    XL:     13   Next: 72%
MP:   9/25          EV: 23    Int: 21    God:    Ru [******]
Gold: 1997          SH:  0    Dex: 17    Spells: 3/27 levels left
                                        Lives: 0   Deaths: 4

rFire   . . .      SeeInvis +     - Unarmed
rCold   + . .      Faith    .   (shield unavailable)
rNeg    . . .      Spirit   .   (armour unavailable)
rPois   +          Reflect  .   (helmet unavailable)
rElec   .          Harm     .   (cloak unavailable)
rCorr   .          Rampage  .   (gloves unavailable)
Will    +....                   (boots unavailable)
Stlth   ..........              C - amulet of magic regeneration
HPRegen 0.00/turn               c - ring of poison resistance
MPRegen 0.59/turn               x - +4 ring of slaying

@: exhausted, about to teleport, marked, overwhelmed with horror, inhibited
regen, lightly drained, quick
A: very small, claws 1, fangs 3, see invisible, speed 1, shaggy fur 3, inhibited
regeneration, no stealth, inability to use devices, hated by all, cowardly,
stealthy paws, missing an eye, no weapons or thrown items, no armour,
multi-lived
a: Renounce Religion, Draw Out Power, Power Leap, Apocalypse


You were on level 1 of the Snake Pit.
You worshipped Ru.
Ru was exalted by your worship.
You visited 4 branches of the dungeon, and saw 24 of its levels.
You also visited: Ossuary.

You collected 3037 gold pieces.
You spent 1040 gold pieces at shops.

Inventory:

Jewellery
 c - a ring of poison resistance (left paw)
 m - a ring of flight
 t - a +6 ring of dexterity
 w - a ring of resist corrosion
 x - a +4 ring of slaying (right paw)
 z - a ring of ice
 C - an amulet of magic regeneration (around neck)
Scrolls
 h - 7 scrolls of fog
 n - 8 scrolls of teleportation
 p - 3 scrolls of magic mapping
 r - a scroll of identify
 s - 2 scrolls of fear
 u - 2 scrolls of holy word
 v - 2 scrolls of torment
 y - a scroll of blinking
 B - a scroll of amnesia
Potions
 a - 3 potions of attraction
 b - 4 potions of brilliance
 d - a potion of berserk rage
 e - 5 potions of curing
 f - 6 potions of lignification
 g - 5 potions of heal wounds
 i - a potion of invisibility
 j - 3 potions of ambrosia
 k - 6 potions of haste
 l - 5 potions of flight
 o - 4 potions of might
 q - 2 potions of mutation
 A - 3 potions of resistance


   Skills:
 - Level 10.0 Fighting
 - Level 10.0 Dodging
 - Level 10.0 Unarmed Combat
 + Level 7.8 Spellcasting
 + Level 12.9 Conjurations
 + Level 9.8 Hexes
 + Level 12.9 Ice Magic
 + Level 3.0 Air Magic


You had 3 spell levels left.
You knew the following spells:

 Your Spells              Type           Power      Damage    Failure   Level
a - Freeze                Ice            100%       1d11      1%          1
b - Frozen Ramparts       Ice            56%        1d7       1%          3
c - Ozocubu's Armour      Ice            28%        N/A       1%          3
d - Hailstorm             Conj/Ice       28%        3d8       1%          4
e - Ensorcelled Hibernat  Hex/Ice        50%        N/A       1%          2
f - Freezing Cloud        Conj/Ice/Air   11%        6-21      4%          5
g - Searing Ray           Conj           56%        2d6       1%          2
h - Fulminant Prism       Conj/Hex       12%        3d9       1%          4

Your spell library contained the following spells:

 Spells                   Type           Power      Damage    Failure   Level
 Foxfire                  Conj/Fire      64%        2x1d7     1%          1
 Magic Dart               Conj           100%       1d8       1%          1
 Static Discharge         Conj/Air       19%        N/A       1%          2
 Conjure Flame            Conj/Fire      16%        6-21      1%          3
 Dazzling Flash           Conj/Hex       50%        N/A       1%          3
 Inner Flame              Hex/Fire       13%        N/A       3%          3
 Apportation              Tloc           6%         N/A       9%          1
 Beastly Appendage        Tmut           6%         N/A       9%          1
 Wereblood                Tmut           3%         N/A       12%         2
 Ignite Poison            Fire/Tmut/Pois 3%         N/A       24%         3
 Spider Form              Tmut/Pois      3%         N/A       24%         3
 Metabolic Englaciation   Hex/Ice        12%        N/A       1%          5
 Flame Wave               Conj/Fire      16%        2d5       5%          4
 Iskenderun's Mystic Bla  Conj/Tloc      16%        2d5       5%          4
 Sticky Flame             Conj/Fire      16%        2d4       5%          4
 Lightning Bolt           Conj/Air       9%         1d22      9%          5
 Petrify                  Tmut/Erth      3%         N/A       63%         4
 Starburst                Conj/Fire      8%         6d4       65%         6
 Blade Hands              Tmut           1%         N/A       92%         5
 Dispersal                Tloc           1%         N/A       100%        6
 Statue Form              Tmut/Erth      2%         N/A       100%        6
 Disjunction              Tloc           1%         N/A       100%        8
 Maxwell's Capacitive Co  Air            4%         ∞         100%        8
 Polar Vortex             Ice            14%        N/A       100%        9
 Tukima's Dance           Hex            Unusable   N/A       N/A         3
 Portal Projectile        Hex/Tloc       Unusable   N/A       N/A         3
 Animate Skeleton         Necr           Unusable   N/A       N/A         1
 Summon Small Mammal      Summ           Unusable   N/A       N/A         1
 Simulacrum               Ice/Necr       Unusable   N/A       N/A         6
 Excruciating Wounds      Necr           Unusable   N/A       N/A         5
 Malign Gateway           Summ/Tloc      Unusable   N/A       N/A         7
 Summon Horrible Things   Summ           Unusable   N/A       N/A         8

Dungeon Overview and Level Annotations

Branches:
Dungeon (15/15)            Temple (0/1) D:7            Lair (6/6) D:10
 Shoals (0/4) Lair:4        Snake (1/4) Lair:4        Slime (0/5) Lair:5
    Orc (2/2) D:12            Elf (0/3) Orc:2        Vaults (0/5) D:13
Ossuary (visited)
 Depths: D:15

Altars:
Ashenzari
Dithmenos
Fedhas
Hepliaklqana
Kikubaaqudgha
Nemelex Xobeh
Okawaru
Qazlal
Ru
Trog
Uskayaw
Vehumet
Wu Jian
Xom
Yredelemnul
Beogh

Shops:
D:4 **:*=   D:5 [   D:7 (   D:10 *   Orc:1 (   Orc:2 (:![   Snake:1 ::=

Annotations:
D:14 2 transporters
D:15 Azrael
Lair:2 3 runed translucent doors, Xaifossi's ghost, journeyman GrEE
Lair:5 3 runed translucent doors, Kyulydaec's ghost, journeyman OpTm
Lair:6 1 runed translucent door, fire dragon roaming, 1 exclusion
Snake:1 2 runed translucent doors, exclusion: door, Tuekhaxt's ghost, adept DDFi


Innate Abilities, Weirdness & Mutations

You have sharp claws.
You have razor-sharp teeth.
You have supernaturally acute eyesight. (SInv)
You cover ground quickly. (Speed+)
Your thick and shaggy fur keeps you warm. (AC +3, rC+)
You do not regenerate when monsters are visible.
You cannot be stealthy.
You cannot study or use magical devices.
You are hated by all.
Your cowardice makes you less effective in combat with threatening foes.
Your paws help you pounce on unaware monsters.
You are missing an eye, making it more difficult to aim.
You are incapable of wielding weapons or throwing items.
You cannot wear armour.
You gain extra lives every three experience levels.


Message History

The salamander is moderately wounded.
The hail pelts the salamander!
The salamander is frozen!
The salamander is almost dead.
The hail pelts the salamander!
The salamander is frozen!
The salamander is severely wounded.
The hail pelts the salamander!!
The salamander is frozen!
The salamander is severely wounded.
The salamander is frozen!
The wall freezes the salamander!
You kill the salamander!
The salamander shoots an arrow.
The arrow hits you!
* * * LOW HITPOINT WARNING * * *
The arrow burns you.
* * * LOW HITPOINT WARNING * * *
The salamander hits you from afar with a +0 trident.
* * * LOW HITPOINT WARNING * * *
You are engulfed in flames!
Your icy armour melts away.
* * * LOW HITPOINT WARNING * * *
You focus your inner power and blind the salamander in retribution!
The heat melts your icy armour.
Unknown command.
Unknown command.
You feel much better.
The frozen ramparts melt away.
A salamander comes into view. It is wielding a +0 whip.
The salamander is stunned by your conviction and fails to attack.
The salamander shoots an arrow.
The arrow misses you.
You redirect the salamander's attack!
The salamander wields a +4 shortbow of flaming.
It bursts into flame!
The salamander shoots an arrow.
The arrow hits the salamander.
The salamander closely misses you.
Monsters!
Monsters everywhere!
You have to get out of here!
As you read the scroll of teleportation, it crumbles to dust.
You feel strangely unstable.
The salamander shoots an arrow.
The arrow misses you.
The salamander shoots an arrow.
The arrow hits you. The arrow burns you.
You focus your inner power and blind the salamander in retribution!
The salamander hits you from afar with a +0 trident!
* * * LOW HITPOINT WARNING * * *
You are engulfed in flames!
You die...

§#≈§§§§..##.###......
≈≈
≈§§§§§....##...###...
.N≈
#≈≈.......#.###.....
NNN#.........#.####....
#S#.........##.###....
#N........#.#!.###...
#))NNN......(...###..
...#)......##.....####
#.@....###......#..
##.....###......)##
###.####......### ###
########


You could see 8 salamanders and a black mamba.

Vanquished Creatures
  Jorgrun (Orc:2)
  Snorg (D:12)
  Josephine (D:12)
  2 naga warriors (Snake:1)
  5 hydras
  Fannar (Orc:1)
  3 catoblepae
  2 anacondas (Snake:1)
  6 two-headed ogres
  A boulder beetle (D:14)
  3 centaur warriors
  3 tengu warriors (D:13)
  7 death yaks
  4 orc high priests (Orc:2)
  Urug (D:13)
  Sonja (D:13)
  A salamander mystic (Snake:1)
  A naga ritualist (Snake:1)
  2 wizards
  3 orc knights (Orc:2)
  A deep elf pyromancer (D:12)
  A swamp dragon (shapeshifter) (D:13)
  2 cyclopes
  2 mana vipers (Snake:1)
  5 orc sorcerers
  12 salamanders
  2 manticores
  2 torpor snails
  Maurice (D:13)
  A naga mage (Snake:1)
  12 elephants
  10 black mambas
  A rime drake (Lair:3)
  7 komodo dragons
  Psyche (D:11)
  15 cane toads
  2 ice devils (Lair:4)
  The ghost of ThreePoint314 the Skirmisher, an amateur DsGl of Ru (D:5)
  2 trolls
  A polar bear (Lair:1)
  A meliai zombie (D:10)
  A snapping turtle (Lair:4)
  A shadow (D:9)
  4 wyverns
  3 vampires
  A redback (shapeshifter) (D:13)
  A fire elemental (D:15)
  6 wraiths
  34 yaks
  2 humans (D:9)
  4 steam dragons
  9 basilisks
  A golden eye (shapeshifter) (D:13)
  6 vampire mosquitoes
  Menkaure (D:5)
  9 nagas
  4 acid dragons (Lair:6)
  3 wargs (Orc:2)
  15 water moccasins
  A hell hound (D:15)
  2 ice beasts (D:7)
  A sky beast (D:5)
  15 orc warriors
  6 black bears
  A necrophage (D:5)
  A wolf (Lair:5)
  7 ogres
  5 centaurs
  2 kobold brigands (D:9)
  2 gnoll sergeants
  16 bullfrogs
  A wyvern zombie (D:9)
  A scorpion (D:4)
  4 water moccasin zombies (Ossuary)
  A water moccasin skeleton (D:5)
  8 wights
  12 killer bees
  4 howler monkeys
  A crimson imp (D:11)
  5 electric eels
  3 centaur zombies
  A hound (D:5)
  A jelly (D:8)
  11 orc priests
  3 centaur skeletons
  3 iguanas
  Natasha (D:4)
  16 orc wizards
  A killer bee zombie (D:9)
  A hound skeleton (D:5)
  3 mummies
  3 howler monkey zombies
  17 gnolls
  9 adders
  A howler monkey skeleton (D:6)
  A shadow imp (D:5)
  2 white imps (D:5)
  An ufetubus (D:6)
  3 adder zombies (Ossuary)
  A worm (D:2)
  2 dart slugs
  54 orcs
  5 ball pythons
  5 endoplasms
  6 giant cockroaches
  9 goblins
  9 hobgoblins
  3 jackals (D:4)
  2 quokkas
  5 bats
  A frilled lizard (D:2)
  5 gnoll zombies (Ossuary)
  5 hobgoblin zombies (Ossuary)
  19 kobolds
  6 kobold zombies (Ossuary)
  4 orc zombies (Ossuary)
  10 rats
  A butterfly (Lair:1)
  A fulminant prism (Lair:5)
566 creatures vanquished.

Vanquished Creatures (others)
  Frances (D:13)
  A hydra (D:14)
  An orc knight (Orc:2)
  A troll (D:13)
  2 orc wizards (Orc:2)
  5 orcs
  79 fulminant prisms
  113 fungi
  168 plants
371 creatures vanquished.

Grand Total: 937 creatures vanquished

Notes
Turn   | Place    | Note
-------+----------+-------------------------------------------
     0 | D:1      | tilp the Felid Ice Elementalist began the quest for the
                  | Orb.
     0 | D:1      | Reached XP level 1. HP: 7/7 MP: 4/4
    80 | D:1      | Reached skill level 1 in Unarmed Combat
   509 | D:1      | Reached XP level 2. HP: 11/11 MP: 6/6
  1294 | D:2      | Reached XP level 3. HP: 14/14 MP: 3/7
  1307 | D:2      | Learned a level 3 spell: Frozen Ramparts
  2117 | D:2      | Reached XP level 4. HP: 18/18 MP: 3/8
  2363 | D:2      | Found a hazy altar of Hepliaklqana.
  2955 | D:2      | Learned a level 3 spell: Ozocubu's Armour
  3442 | D:3      | Reached XP level 5. HP: 21/21 MP: 7/10
  3911 | D:3      | Reached skill level 5 in Ice Magic
  4203 | D:4      | Found Xezem's Assorted Antiques.
  4220 | D:4      | Bought a bubbling purple potion for 19 gold pieces
  4220 | D:4      | Bought a black potion for 19 gold pieces
  4220 | D:4      | Bought a sapphire potion for 19 gold pieces
  4220 | D:4      | Bought a grey potion for 19 gold pieces
  4252 | D:4      | Found Kigysh's General Store.
  4286 | D:4      | Noticed Natasha
  4357 | D:4      | Killed Natasha
  4412 | D:4      | Found Qimel's Book Shoppe.
  4432 | D:4      | Found a hide-covered altar of Uskayaw.
  4467 | D:4      | Found the +6 Majin-Bo {vamp, MP+6 Int+6}
  4502 | D:4      | Found Bovevvil's General Store.
  4559 | D:4      | Found Solishi's Jewellery Shoppe.
  4674 | D:4      | Noticed a black bear
  4683 | D:4      | Killed a black bear
  4684 | D:4      | Gained mutation: You are covered in thick fur. (AC +2)
                  | [Felid growth]
  4684 | D:4      | Reached XP level 6. HP: 15/24 MP: 1/12
  6044 | D:5      | Entered Level 5 of the Dungeon
  6096 | D:5      | Found a transporter.
  6097 | D:5      | Noticed a vampire
  6101 | D:5      | Found a transporter.
  6109 | D:5      | Noticed a wraith
  6110 | D:5      | Noticed a sky beast
  6112 | D:5      | Noticed Menkaure
  6119 | D:5      | Noticed a vampire
  6127 | D:5      | Found a basalt altar of Yredelemnul.
  6327 | D:5      | Found Xivemar's Antique Armour Shoppe.
  6375 | D:5      | Found a runed translucent door.
  6392 | D:5      | Reached skill level 1 in Fighting
  6392 | D:5      | Reached XP level 7. HP: 28/28 MP: 5/14
  6461 | D:5      | Noticed ThreePoint314's ghost (amateur DsGl)
  6478 | D:5      | Found an ancient bone altar of Kikubaaqudgha.
  6953 | D:5      | Found a shadowy altar of Dithmenos.
  7302 | D:4      | Bought a book of Maledictions for 182 gold pieces
  7305 | D:4      | Learned a level 2 spell: Ensorcelled Hibernation
  7310 | D:4      | Learned a level 4 spell: Hailstorm
  7381 | D:6      | Reached skill level 5 in Stealth
  7590 | D:6      | Reached XP level 8. HP: 33/33 MP: 2/15
  7734 | D:6      | Reached skill level 1 in Hexes
  7738 | D:6      | Reached skill level 1 in Conjurations
  9134 | D:7      | Found Qupn's Antique Weapon Boutique.
  9325 | D:7      | Found a staircase to the Ecumenical Temple.
  9462 | D:7      | Found a broken altar of Ashenzari.
  9462 | D:7      | Found a sacrificial altar of Ru.
  9478 | D:7      | Found a stormy altar of Qazlal.
  9479 | D:7      | Found a sparkling altar of Nemelex Xobeh.
  9480 | D:7      | Found a radiant altar of Vehumet.
  9485 | D:7      | Became a worshipper of Ru the Awakened
  9765 | D:7      | Learned a level 3 spell: Tukima's Dance
  9850 | D:7      | Reached skill level 5 in Spellcasting
  9969 | D:7      | Reached XP level 9. HP: 30/36 MP: 9/17
 10143 | D:7      | Found a blossoming altar of Fedhas.
 10282 | D:8      | Reached skill level 5 in Conjurations
 10331 | D:8      | Found a sand-covered staircase.
 10342 | Ossuary  | Entered an ossuary
 11242 | D:8      | Splashed by a jelly's acid
 11243 | D:8      | Reached XP level 8. HP: -5/32 MP: 18/18
 11243 | D:8      | Upgraded the game from 0.28-a0-1087-gf3fc490d9d to
                  | 0.28-a0-1117-g0bdd5ba030
 11446 | D:8      | Gained mutation: You cannot be stealthy. [Ru sacrifice]
 12220 | D:9      | Found an ornate altar of the Wu Jian Council.
 12281 | D:9      | Reached XP level 9. HP: 36/36 MP: 0/19
 13535 | D:9      | Identified the +2 long sword of Indomitability {vorpal,
                  | rCorr}
 14289 | D:9      | Found an iron altar of Okawaru.
 14330 | D:9      | Noticed a troll
 14339 | D:9      | Killed a troll
 15006 | D:10     | Entered Level 10 of the Dungeon
 15133 | D:10     | Reached skill level 5 in Unarmed Combat
 15215 | D:10     | Noticed a two-headed ogre
 15253 | D:10     | Killed a two-headed ogre
 15254 | D:10     | Reached skill level 5 in Dodging
 15254 | D:10     | Reached XP level 10. HP: 33/42 MP: 1/20
 15435 | D:10     | Noticed a wizard
 15440 | D:10     | Killed a wizard
 15442 | D:10     | Reached skill level 5 in Hexes
 15990 | D:10     | Found a staircase to the Lair.
 16187 | D:10     | Gained mutation: You do not regenerate when monsters are
                  | visible. [Ru sacrifice]
 16187 | D:10     | Reached * piety under Ru
 16213 | D:10     | Found a bloodstained altar of Trog.
 16276 | D:10     | Found Visaew's Gadget Gallery.
 16576 | D:10     | Learned a level 2 spell: Searing Ray
 16587 | D:11     | Noticed Psyche
 16716 | D:11     | Noticed a two-headed ogre
 16724 | D:11     | Killed a two-headed ogre
 16992 | D:11     | Reached XP level 11. HP: 25/46 MP: 12/21
 17102 | D:11     | Noticed a two-headed ogre
 17114 | D:11     | Killed a two-headed ogre
 17702 | D:11     | Killed Psyche
 17813 | D:11     | Noticed a wizard
 17823 | D:11     | Killed a wizard
 18415 | D:5      | Killed ThreePoint314's ghost
 18644 | Lair:1   | Entered Level 1 of the Lair of Beasts
 18644 | Lair:1   | Noticed a catoblepas
 19005 | D:10     | Killed a catoblepas
 19313 | D:10     | Found Visaew's Gadget Gallery.
 19353 | D:10     | Found a bloodstained altar of Trog.
 19709 | Lair:1   | Demolished by a komodo dragon
 19710 | Lair:1   | Reached XP level 10. HP: -15/42 MP: 20/20
 19710 | Lair:1   | Noticed a cane toad
 19715 | Lair:1   | Killed a cane toad
 19716 | Lair:1   | Reached skill level 10 in Conjurations
 19716 | Lair:1   | Reached skill level 10 in Ice Magic
 19923 | Lair:1   | Noticed a salamander
 19929 | Lair:1   | Killed a salamander
 20271 | Lair:1   | Gained mutation: You are hated by all. [Ru sacrifice]
 20271 | Lair:1   | Reached ** piety under Ru
 20271 | Lair:1   | Reached *** piety under Ru
 20713 | Lair:2   | Noticed a cane toad
 20719 | Lair:2   | Killed a cane toad
 20896 | Lair:2   | Noticed a death yak
 20928 | Lair:2   | Noticed a seven-headed hydra
 20946 | Lair:2   | Noticed a torpor snail
 20946 | Lair:2   | Noticed a death yak
 20954 | Lair:1   | Reached skill level 5 in Fighting
 21290 | Lair:1   | Noticed a six-headed hydra
 21326 | Lair:1   | Killed a six-headed hydra
 21327 | Lair:1   | Reached XP level 11. HP: 10/48 MP: 8/21
 21680 | Lair:2   | Killed a seven-headed hydra
 21785 | Lair:2   | You fall into a shaft and drop 1 floor!
 21954 | Lair:3   | Learned a level 4 spell: Fulminant Prism
 22224 | Lair:2   | Killed a death yak
 22668 | Lair:2   | Found a runed translucent gate.
 22668 | Lair:2   | Found a runed translucent gate.
 22668 | Lair:2   | Noticed a death yak
 22668 | Lair:2   | Noticed a death yak
 22669 | Lair:2   | Noticed a death yak
 23619 | Lair:2   | Noticed a minotaur
 23681 | Lair:2   | Found a runed translucent gate.
 23713 | Lair:2   | Noticed Xaifossi's ghost (journeyman GrEE)
 24840 | Lair:3   | Noticed a six-headed hydra
 24940 | Lair:3   | Killed a six-headed hydra
 25275 | Lair:3   | Gained mutation: You cannot study or use magical devices.
                  | [Ru sacrifice]
 25275 | Lair:3   | Reached **** piety under Ru
 25275 | Lair:3   | Reached ***** piety under Ru
 25970 | Lair:4   | Noticed a death yak
 25973 | Lair:4   | Noticed a death yak
 25976 | Lair:4   | Noticed a death yak
 25979 | Lair:4   | Noticed a death yak
 25981 | Lair:4   | Noticed a death yak
 25981 | Lair:4   | Noticed a death yak
 25982 | Lair:4   | Killed a death yak
 25986 | Lair:4   | Killed a death yak
 25992 | Lair:4   | Noticed a catoblepas
 26367 | Lair:4   | Gained mutation: Your thick and shaggy fur keeps you warm.
                  | (AC +3, rC+) [Felid growth]
 26367 | Lair:4   | Reached XP level 12. HP: 53/55 MP: 7/22
 26606 | Lair:4   | Found a staircase to the Shoals.
 27326 | Lair:4   | Found a staircase to the Snake Pit.
 27585 | Lair:4   | Killed a death yak
 27585 | Lair:4   | Killed a death yak
 27591 | Lair:4   | Killed a death yak
 28764 | Lair:4   | Killed a catoblepas
 29018 | Lair:4   | Killed a death yak
 29442 | Lair:5   | Found a staircase to the Slime Pits.
 29571 | Lair:5   | Noticed a catoblepas
 29592 | Lair:5   | Killed a catoblepas
 30132 | Lair:5   | Found a runed translucent gate.
 30132 | Lair:5   | Found a runed translucent gate.
 30132 | Lair:5   | Found a runed translucent gate.
 30134 | Lair:5   | Noticed Kyulydaec's ghost (journeyman OpTm)
 30135 | Lair:5   | Noticed a nine-headed hydra
 30135 | Lair:5   | Noticed a boulder beetle
 30471 | Lair:5   | Gained mutation: You are missing an eye, making it more
                  | difficult to aim. [Ru sacrifice]
 30634 | Lair:5   | Noticed a seven-headed hydra
 30639 | Lair:5   | Killed a seven-headed hydra
 30821 | Lair:5   | Mangled by an elephant
 30822 | Lair:5   | Reached XP level 11. HP: -9/51 MP: 7/21
 31069 | Lair:6   | Entered Level 6 of the Lair of Beasts
 31095 | Lair:6   | Reached XP level 12. HP: 55/55 MP: 1/22
 32866 | Lair:6   | Found a shimmering altar of Xom.
 32944 | Lair:6   | Found a runed translucent door.
 32946 | Lair:6   | Noticed an ice dragon
 33481 | Lair:6   | Noticed a fire dragon
 34285 | D:12     | Noticed a two-headed ogre
 34290 | D:12     | Killed a two-headed ogre
 34413 | D:12     | Noticed Snorg
 34419 | D:12     | Noticed Josephine
 34422 | D:12     | Killed Snorg
 35040 | D:12     | Gained mutation: Your cowardice makes you less effective in
                  | combat with threatening foes. [Ru sacrifice]
 35040 | D:12     | Reached ****** piety under Ru
 35178 | D:12     | Killed Josephine
 35330 | D:12     | Reached skill level 10 in Dodging
 35631 | D:12     | Found a staircase to the Orcish Mines.
 35679 | D:13     | Noticed a centaur warrior
 35691 | D:13     | Noticed Sonja
 35883 | Orc:1    | Entered Level 1 of the Orcish Mines
 36111 | Orc:1    | Reached XP level 13. HP: 32/49 MP: 5/23
 36542 | Orc:1    | Found Ruumn's Weapon Boutique.
 36793 | Orc:1    | Noticed Fannar
 36814 | Orc:1    | Killed Fannar
 37198 | Orc:2    | Entered Level 2 of the Orcish Mines
 37678 | Orc:2    | Found a staircase to the Elven Halls.
 38244 | Orc:2    | Noticed Jorgrun
 38258 | Orc:2    | Killed Jorgrun
 38534 | Orc:2    | Reached skill level 10 in Fighting
 38534 | Orc:2    | Reached skill level 10 in Unarmed Combat
 38847 | Orc:2    | Paralysed by an orc sorcerer for 4 turns
 39371 | Orc:2    | Found Ogul's Antique Armour Shop.
 40827 | Orc:2    | Found Guruaw's Book Emporium.
 40827 | Orc:2    | Found Ufaron's Antique Weapon Boutique.
 40839 | Orc:2    | Found Vocayx's Armour Emporium.
 40839 | Orc:2    | Found Qeozoc's Distillery.
 40917 | Orc:2    | Bought a book of Ice for 782 gold pieces
 41000 | D:13     | Killed Sonja
 41108 | D:13     | Noticed Frances
 41128 | D:13     | Killed Frances
 41586 | D:13     | Noticed Maurice
 41592 | D:13     | Killed Maurice
 41729 | D:13     | Found a gate to the Vaults.
 42175 | D:13     | Noticed Urug
 42368 | D:13     | Killed Urug
 43861 | D:13     | Found a gate to the Vaults.
 44480 | D:14     | Found a transporter.
 44568 | D:14     | Learned a level 5 spell: Freezing Cloud
 44880 | D:14     | Found a transporter.
 44981 | D:14     | Reached XP level 14. HP: 62/64 MP: 7/25
 45323 | D:15     | Entered Level 15 of the Dungeon
 45358 | D:15     | Noticed Azrael
 45361 | D:15     | Killed from afar by Azrael
 45362 | D:15     | Reached XP level 13. HP: 0/61 MP: 15/24
 45397 | D:15     | Reached skill level 1 in Air Magic
 45727 | D:5      | Killed Menkaure
 46028 | Snake:1  | Entered Level 1 of the Snake Pit
 47359 | Snake:1  | Found a large runed translucent door.
 47359 | Snake:1  | Found a large runed translucent door.
 47361 | Snake:1  | Noticed Tuekhaxt's ghost (adept DDFi)
 47705 | Snake:1  | Found Ojotzum's Book Shoppe.
 47707 | Snake:1  | Found Dimeuwoh's Jewellery Shop.
 47708 | Snake:1  | Found Voset's Book Shoppe.
 47755 | Snake:1  | Slain by a salamander

Illustrated notes

Levels and vault maps discovered:
D:1:      wander_arrival_peaceful_grave, layout_loops_corners
D:2:      minmay_evil_eye, layout_basic, basic_altar, serial_bayou_pond_d,
          minmay_cupped
D:3:      layout_loops_ring
D:4:      minmay_spotlight, layout_basic,
          nicolae_uskayaw_murder_on_the_dancefloor, serial_shops,
          nicolae_shop_behind_doors, shop_fountains, shop, shop,
          nicolae_shop_waterfront, serial_bayou_crossing, uniq_natasha
D:5:      layout_loops_ring, gammafunk_temple_of_torment,
          nicolae_dithmenos_the_darkroom, hellmonk_ghost_happy_afterlife,
          serial_shops, shop
D:6:      layout_basic, serial_corexii_hall, corexii_hall_statues_deadend,
          chequers_hall_statues_wall_a, corexii_hall_statues_u,
          corexii_hall_statues_i, chequers_hall_statues_wall_a,
          corexii_hall_statues_x
D:7:      layout_gridville, fedhas_altar_4, grunt_temple_overflow_open,
          minmay_temple_entry_statues_pillars, serial_shops, nicolae_shop_trees
D:8:      layout_cave_pools, serial_column_ruins, column_ruins_grid_1,
          column_ruins_open_tiny, column_ruins_grid_1, column_ruins_open_small,
          column_ruins_columns_straight, column_ruins_columns_dead_end,
          gup_ossuary_entry_pyramid
D:9:      layout_irregular_city, okawaru_humans, lemuel_doored_altar,
          serial_bayou_lake_a
D:10:     layout_roguey, lemuel_round_altar, due_lair_maze_entry_diamond,
          nicolae_shop_gadgets
D:11:     layout_cave_pools, lightli_wizard_tower, uniq_psyche
D:12:     layout_rooms, orc_0_dummy, uniq_snorg, uniq_josephine
D:13:     layout_cave_pods, david_vaults_2, uniq_maurice, uniq_sonja, uniq_urug,
          uniq_frances
D:14:     gammafunk_worm_tunnel, layout_rooms, old_standard_altar
D:15:     grunt_enter_depths_hoard, layout_gridville, minmay_strange_pillars,
          grunt_decor_fettered, uniq_azrael, uniq_rupert
Lair:1:   layout_gridlike, lemuel_fruit_fields
Lair:2:   layout_layer_cave, maelrawn_ghost_gauntlet_escape, grunt_megastairs_5,
          infiniplex_staircase_pool
Lair:3:   layout_long_grid, serial_bayou, serial_bayou_pond_d,
          serial_bayou_lagoon_a, serial_bayou_pond_a, serial_bayou_pond_e,
          serial_bayou_shore_b
Lair:4:   layout_cave_pods, minmay_shoals_entry_hut,
          guppyfry_snake_entry_garden, portal_ice_cave_demonic_guard
Lair:5:   nzn_winding_woodlands_three_and_one
          [nzn_winding_woodlands_5x15_zeroes,
          nzn_winding_woodlands_5x15_river_crossing,
          nzn_winding_woodlands_5x15_pathside_ponds,
          nzn_winding_woodlands_center_garden], layout_small_grid,
          dpeg_slime_entry_corner, gammafunk_ghost_hydra_chop,
          grunt_megastairs_4
Lair:6:   guppyfry_lair_end_dragon, layout_regular_city, wormcave,
          nicolae_volcano_entry_hallway, basic_altar,
          kennysheep_basilisk_garden, infiniplex_staircase_pool_2
Snake:1:  layout_chambers, ebering_ghost_disaster_area, grunt_ministairs_14,
          nicolae_snake_salamander_zone, grunt_megastairs_2, minmay_shop_grove,
          lemuel_fruit_tree
Orc:1:    layout_caves, serial_shops, nicolae_shop_bloodbath_and_beyond,
          basic_altar, guppyfry_library_mini, uniq_fannar
Orc:2:    grunt_orc_tribal_feast, layout_diamond_mine, serial_shops,
          nicolae_diamond_shop, uniq_jorgrun

Skill      XL: |  1  2  3  4  5  6  7  8  9 10 11 12 13 |
---------------+----------------------------------------+-----
Unarmed Combat | 1 2 4 5 6 8 9 10 | 10.0
Ice Magic      | 4 5 6 8 10 9 12 | 12.9
Spellcasting   | 3 4 5 6 7 |  7.8
Stealth        | 3 6 0 |  0.0
Dodging        | 3 4 5 6 8 10 | 10.0
Fighting       | 1 2 3 5 8 9 10 | 10.0
Hexes          | 4 6 9 |  9.8
Conjurations   | 4 8 10 9 12 | 12.9
Air Magic      | 3 |  3.0

Action                   |  1- 3 |  4- 6 |  7- 9 | 10-12 | 13-15 || total
-------------------------+-------+-------+-------+-------+-------++-------
Melee: Unarmed           |    13 |    20 |   352 |   298 |   154 ||   837
       Bite              |     2 |     4 |    39 |    41 |    19 ||   105
       Punch             |       |       |     4 |     6 |     4 ||    14
 Cast: Freeze            |    34 |    66 |    70 |    27 |     1 ||   198
       Frozen Ramparts   |     5 |    23 |    36 |    76 |    69 ||   209
       Ozocubu's Armour  |       |     6 |    42 |    86 |    68 ||   202
       Ensorcelled Hiber |       |       |     3 |     2 |     1 ||     6
       Hailstorm         |       |       |    59 |   140 |   131 ||   330
       Searing Ray       |       |       |       |    48 |    13 ||    61
       Fulminant Prism   |       |       |       |    60 |    20 ||    80
       Freezing Cloud    |       |       |       |       |     4 ||     4
Invok: Sacrifice Stealth |       |       |     1 |       |       ||     1
       Draw Out Power    |       |       |       |     6 |     3 ||     9
       Sacrifice Purity  |       |       |       |     1 |       ||     1
       Sacrifice Love    |       |       |       |     1 |       ||     1
       Apocalypse        |       |       |       |     7 |     1 ||     8
       Power Leap        |       |       |       |     4 |     4 ||     8
       Sacrifice Artific |       |       |       |     1 |       ||     1
       Sacrifice Courage |       |       |       |     1 |       ||     1
       Sacrifice an Eye  |       |       |       |     1 |       ||     1
Evoke: Wand              |       |       |     8 |     4 |       ||    12
       Box of beasts     |       |       |       |     1 |       ||     1
  Use: Scroll            |     1 |     5 |    11 |    12 |     6 ||    35
       Potion            |       |       |     3 |     1 |     1 ||     5
 Stab: Sleeping          |     7 |     5 |    12 |     1 |       ||    25
       Paralysed         |       |       |       |    14 |     2 ||    16
       Distracted        |       |       |       |     4 |       ||     4
       Invisible         |       |       |       |     6 |     2 ||     8
Armor: Skin              |     1 |     9 |    97 |    64 |    30 ||   201
Dodge: Dodged            |    30 |    71 |   396 |   396 |   167 ||  1060

Table legend: (Time is in decaauts)
 A = Elapsed time spent in this place.
 B = Non-inter-level travel time spent in this place.
 C = Inter-level travel time spent in this place.
 D = Time resting spent in this place.
 E = Time spent auto-exploring this place.
 F = Levels seen in this place.
 G = Mean time per level.
                   A        B        C        D        E       F      G
               +--------+--------+--------+--------+--------+-----+--------+
         Total |  43968 |  41816 |   2152 |  14899 |  21464 |  25 | 1758.7 |
       Dungeon |  23373 |  22083 |   1290 |   5988 |  13309 |  15 | 1558.2 |
          Lair |  13512 |  12863 |    649 |   5706 |   5435 |   6 | 2252.0 |
     Snake Pit |   1443 |   1369 |     74 |    527 |    623 |   1 | 1443.0 |
  Orcish Mines |   4773 |   4635 |    138 |   2156 |   1962 |   2 | 2386.5 |
       Ossuary |    866 |    866 |      0 |    520 |    135 |   1 |  866.0 |
               +--------+--------+--------+--------+--------+-----+--------+

Top non-repeatable levels by time:
   Orc:2: 3405 daAuts
    D:10: 3289 daAuts
    D:13: 3100 daAuts
  Lair:4: 3068 daAuts
  Lair:5: 2466 daAuts
  Lair:1: 2144 daAuts
     D:9: 2019 daAuts
  Lair:3: 2003 daAuts
  Lair:6: 1919 daAuts
  Lair:2: 1911 daAuts
     D:5: 1726 daAuts
     D:4: 1726 daAuts
     D:8: 1676 daAuts
     D:2: 1485 daAuts
     D:6: 1458 daAuts
